 Dungeon Crawl Stone Soup version 0.28-a0-440-ge3cd3e9c68 (webtiles) character file.

Game seed: 4397249825418888053

11 senseless the Conjurer (level 2, 19/19 HPs)
             Began as a Human Conjurer on Sept 11, 2021.
             Was an Initiate of Gozag.
             Quit the game on level 1 of the Dungeon.
             The game lasted 00:01:03 (717 turns).

senseless the Conjurer (Human Conjurer)              Turns: 717, Time: 00:01:03

Health: 19/19      AC:  2    Str:  7    XL:     2   Next: 35%
Magic:  5/5        EV: 12    Int: 18    God:    Gozag
Gold:   7          SH:  0    Dex: 11    Spells: 2/5 levels left

rFire   . . .      SeeInvis .   (no weapon)
rCold   . . .      Faith    .   (no shield)
rNeg    . . .      Spirit   .   a - +0 robe
rPois   .          Reflect  .   (no helmet)
rElec   .          Harm     .   (no cloak)
rCorr   .          Rampage  .   (no gloves)
Will    .....                   (no boots)
Stlth   ++........              (no amulet)
HPRegen 0.06/turn               (no ring)
MPRegen 0.09/turn               (no ring)

@: no status effects
A: no striking features
a: Renounce Religion, Potion Petition, Call Merchant, Bribe Branch


You were on level 1 of the Dungeon.
You worshipped Gozag.
Gozag was noncommittal.
You visited 1 branch of the dungeon, and saw 1 of its levels.

You collected 7 gold pieces.

Inventory:

Armour
 a - a +0 robe (worn)
Scrolls
 c - a scroll of enchant weapon {unknown}
Potions
 b - a potion of magic {unknown}
 d - a potion of curing {unknown}


   Skills:
 + Level 2.1 Dodging
 + Level 2.0 Stealth
 + Level 2.1 Spellcasting
 + Level 4.3 Conjurations


You had 2 spell levels left.
You knew the following spells:

 Your Spells              Type           Power      Damage    Failure   Level
a - Magic Dart            Conj           68%        1d6       3%          1
b - Searing Ray           Conj           34%        2d5       4%          2

Your spell library contained the following spells:

 Spells                   Type           Power      Damage    Failure   Level
 Dazzling Flash           Conj/Hex       18%        N/A       22%         3
 Fulminant Prism          Conj/Hex       4%         3d6       58%         4
 Iskenderun's Mystic Bla  Conj/Tloc      9%         2d4       58%         4


Dungeon Overview and Level Annotations

Branches:
Dungeon (1/15)

Altars:
Gozag

Shops:
D:1 !


Message History

The magic dart hits the hobgoblin.
You kill the hobgoblin!
You open the door.
Found a stone staircase leading down.
There is an open door here.
You now have 7 gold pieces.
You open the door.
There is an open door here.
Found 25 arrows.
Found a robe.
You see here 25 arrows.
You see here a +0 robe.
A rat comes into view.
The magic dart hits the rat.
You kill the rat!
You see here a rat corpse.
A ball python comes into view.
A ball python is nearby!
The magic dart hits the ball python.
The ball python is heavily wounded.
The ball python hisses angrily.
The magic dart hits the ball python.
The ball python is severely wounded.
The ball python barely misses you. The ball python misses you.
The magic dart hits the ball python.
You kill the ball python!
You enter the shallow water.
Moving in this stuff is going to be slow.
You see here a ball python corpse.
You enter the shallow water.
Moving in this stuff is going to be slow.
You enter the shallow water.
Moving in this stuff is going to be slow.
Found a faded altar of an unknown god.
There is a faded altar of an unknown god here.
You cannot tell which god this altar belongs to.
Convert to them anyway?
Gozag accepts your prayer! Gozag welcomes you!
Gozag waives the service fee.
Are you sure you want to abandon this character and quit the game? (Confirm with "yes".)

#.# ##+## #.# #.#
########.## #.# #.#
#.........# #.. #.#
#[######†.# ### #.#
#.# ##...#####
#.###.# ##.........
#....(###.#...#####
### #####.#8#.##..#
#.### #.#@#.....#
#.#P## ###.####.##
#.#P.## ###≈≈.# #.#
##.#P.P###.≈P..#
#.#
#..†≈..P..≈..P##
#.# #..#.≈≈≈≈≈P####
#.# #..#PP..P###
#.# #..#.P####
######.# #..####
#......#


There were no monsters in sight!

Vanquished Creatures
  A ball python (D:1)
  An endoplasm (D:1)
  2 goblins (D:1)
  3 hobgoblins (D:1)
  A frilled lizard (D:1)
  A rat (D:1)
9 creatures vanquished.

Notes
Turn   | Place    | Note
-------+----------+-------------------------------------------
     0 | D:1      | senseless the Human Conjurer began the quest for the Orb.
     0 | D:1      | Reached XP level 1. HP: 13/13 MP: 3/3
   275 | D:1      | Found Latuzamp's Distillery.
   381 | D:1      | Reached XP level 2. HP: 19/19 MP: 1/5
   464 | D:1      | Learned a level 2 spell: Searing Ray
   710 | D:1      | Found a faded altar of an unknown god.
   716 | D:1      | Became a worshipper of Gozag Ym Sagoz the Greedy
   717 | D:1      | Quit the game

Illustrated notes

Levels and vault maps discovered:
D:1:      dpeg_arrival_rooms_with_view, layout_loops_corners,
          shapermc_ecumenical_altar_hornbeckon, serial_shops,
          nicolae_shop_waterfront, nrook_uturn

Action                   || total
-------------------------++-------
 Cast: Magic Dart        ||    20
Dodge: Dodged            ||     2

Table legend: (Time is in decaauts)
 A = Elapsed time spent in this place.
 B = Non-inter-level travel time spent in this place.
 C = Inter-level travel time spent in this place.
 D = Time resting spent in this place.
 E = Time spent auto-exploring this place.
 F = Levels seen in this place.
 G = Mean time per level.
                   A        B        C        D        E       F      G
               +--------+--------+--------+--------+--------+-----+--------+
         Total |    719 |    719 |      0 |     10 |    642 |   1 |  719.0 |
       Dungeon |    719 |    719 |      0 |     10 |    642 |   1 |  719.0 |
               +--------+--------+--------+--------+--------+-----+--------+

Top non-repeatable levels by time:
     D:1: 719 daAuts
